 Dungeon Crawl Stone Soup version 0.18.1-5-g4a78601 (webtiles) character file.

11193 vale the Merchant of Misery (level 11, -7/97 HPs)
             Began as a Naga Wizard on May 14, 2016.
             Was a Believer of Kikubaaqudgha.
             Mangled by a six-headed hydra (10 damage)
             ... on level 3 of the Lair of Beasts.
             The game lasted 01:16:52 (19918 turns).

vale the Merchant of Misery (Naga Wizard)          Turns: 19918, Time: 01:16:52

Health: -7/97      AC:  6    Str:  9    XL:     11   Next: 73%
Magic:  12/23      EV: 19    Int: 22    God:    Kikubaaqudgha [**....]
Gold:   1034       SH:  3    Dex: 15    Spells: 11 memorised, 0 levels left

rFire  . . .     SeeInvis +     a - +1 dagger
rCold  . . .     Gourm    .     m - +0 robe
rNeg   . . .     Faith    .     (no shield)
rPois  +         Spirit   .     p - +0 helmet
rElec  .         Dismiss  .     (no cloak)
rCorr  .         Reflect  +     u - +0 pair of gloves
SustAt .         Harm     .     (no barding)
MR     ++++.                    I - +3 amulet of reflection
Stlth  +++++.....               G - ring of protection from magic
                                Q - ring of protection from magic

@: agile, repel missiles, very slow, incredibly resistant to hostile
enchantments, quite stealthy
A: repulsion field 1, see invisible, deformed body, magic resistance 1, poison
resistance, slowness 2, slow metabolism 1, spit poison 2, AC +3
a: Spit Poison, Receive Corpses, Renounce Religion


You were on level 3 of the Lair of Beasts.
You worshipped Kikubaaqudgha.
Kikubaaqudgha was pleased with you.
You were not hungry.

You visited 3 branches of the dungeon, and saw 14 of its levels.
You also visited: Ossuary.

You collected 1034 gold pieces.

Inventory:

Hand Weapons
 a - a +1 dagger (weapon)
 J - a +0 quarterstaff
Armour
 m - a +0 robe (worn)
 p - a +0 helmet (worn)
 q - a +0 buckler of poison resistance
 u - a +0 pair of gloves (worn)
 y - the +1 ring mail "Ubyw" {Int+8 Stlth-}
   (You found it on level 5 of the Dungeon)

   It affects your intelligence (+8).
   It makes you less stealthy.
Rods
 b - a +0 iron rod (13/13)
   (You found it on level 9 of the Dungeon)
Jewellery
 j - a cursed amulet of inaccuracy {unknown}
 G - a ring of protection from magic (right hand)
 I - a +3 amulet of reflection (around neck)
 Q - a ring of protection from magic (left hand)
Wands
 e - a wand of disintegration (4/24)
 f - a wand of lightning (8/15)
 C - a wand of polymorph (7/24)
 R - a wand of digging (13/24)
Scrolls
 c - a scroll of magic mapping
 h - a scroll of blinking
 l - 4 scrolls of remove curse
 r - a scroll of vulnerability {unknown}
 L - a scroll of fog
Potions
 i - 2 potions of haste
 o - a potion of might
 t - a potion of flight
 v - 2 potions of ambrosia
 w - 4 potions of curing
 x - a potion of degeneration {unknown}
 B - a potion of cure mutation {unknown}
Books
 s - a book of Necromancy

   Spells                             Type                      Level
   a - Pain                           Necromancy                   1
   b - Animate Skeleton               Necromancy                   1
   c - Vampiric Draining              Necromancy                   3
   d - Regeneration                   Charms/Necromancy            3
   e - Animate Dead                   Necromancy                   4
   f - Control Undead                 Necromancy                   4
Comestibles
 g - 5 chunks of flesh {@w0}
 n - 8 fruits
 O - 10 meat rations {@e2}


   Skills:
 - Level 6.1 Fighting
 - Level 3.9 Short Blades
 - Level 5.4 Dodging
 - Level 8.0 Stealth
 * Level 8.4 Spellcasting
 - Level 8.0 Conjurations
 + Level 1.1 Charms
 - Level 1.0 Summonings
 - Level 9.0 Necromancy
 - Level 1.0 Translocations
 - Level 0.6 Poison Magic


You couldn't memorise any spells.
You knew the following spells:

 Your Spells              Type           Power        Failure   Level  Hunger
a - Magic Dart            Conj           ####         1%          1    None
c - Conjure Flame         Conj/Fire      ####....     4%          3    None
d - Mephitic Cloud        Conj/Pois/Air  ###.....     8%          3    None
e - Call Imp              Summ           ##......     10%         2    None
f - Repel Missiles        Chrm/Air       ##....       10%         2    None
g - Regeneration          Chrm/Necr      ####......   2%          3    None
h - Control Undead        Necr           #####.....   1%          4    ###....
i - Vampiric Draining     Necr           #####.....   1%          3    None
n - Animate Skeleton      Necr           N/A          1%          1    None
p - Blink                 Tloc           N/A          10%         2    None
v - Sublimation of Blood  Necr           #####.....   1%          2    None


Dungeon Overview and Level Annotations

Branches:
Dungeon (10/15)            Temple (1/1) D:4            Lair (3/8) D:10
  Swamp: Lair:3-6    Shoals: Lair:3-6     Snake: Lair:3-6    Spider: Lair:3-6
    Orc: D:9-12

Altars:
Ashenzari
Cheibriados
Dithmenos
Elyvilon
Fedhas
Gozag
Kikubaaqudgha
Makhleb
Nemelex Xobeh
Okawaru
Pakellas
Qazlal
Ru
Sif Muna
Trog
Vehumet
Xom
Yredelemnul
Zin
The Shining One

Shops:
D:9 %

Annotations:
D:2 1 exclusion
D:4 exclusion: phantom
D:7 exclusions: 3 electric eels and 1 more exclusion


Innate Abilities, Weirdness & Mutations

You cannot wear boots.
Your serpentine skin is tough (AC +3).
You have supernaturally acute eyesight.
Armour fits poorly on your strangely shaped body.
Your system is resistant to poisons.
You cover ground very slowly.
You have a slow metabolism.
You can spit poison.
You are surrounded by a mild repulsion field (EV +2).
You are resistant to hostile enchantments.


Message History

The six-headed hydra closely misses you.
The six-headed hydra misses you.
You take 3 damage, and have 8/97 hp.
You now have 11/23 mp.
Drink which item? (? for menu, Esc to quit)
You feel much better. The six-headed hydra barely misses you.
The six-headed hydra bites you.
* * * LOW HITPOINT WARNING * * *
The six-headed hydra bites you!
* * * LOW HITPOINT WARNING * * *
The six-headed hydra bites you but does no damage.
The six-headed hydra bites you!
* * * LOW HITPOINT WARNING * * *
The six-headed hydra bites you.
* * * LOW HITPOINT WARNING * * *
You take 6 damage, and have 2/97 hp.
Drink which item? (? for menu, Esc to quit)
You feel agile all of a sudden. The six-headed hydra bites you!
You die...
Kikubaaqudgha rasps: "You have failed me!
Welcome... death!"

#...........
#.....##..#.
##....##[.## ##
#.#####..%Z #.#
### #.#%P #.#
#..h# #r## ##
#.... ##D##
##.##...Z. #@#§##
.........l
####l###.......h..
##§r♣.....♣.Z..
##rrh.......#.
#♣ir...♣.
#..r.P.P...
#.....>....
##r.iP.P...###
#..♣...♣.♣...


You could see a six-headed hydra.

Vanquished Creatures
  2 hydras
  A hill giant (D:7)
  A black mamba (Lair:3)
  A spiny frog (Lair:2)
  A rime drake (Lair:1)
  4 komodo dragons
  8 yaks (Lair:1)
  2 spriggans
  A basilisk (Lair:1)
  3 hippogriffs
  3 water moccasins
  A porcupine (Lair:3)
  3 sky beasts
  An orc warrior (D:9)
  3 ice beasts
  2 black bears (D:7)
  A phantom (D:4)
  4 ogres
  A wolf (Lair:2)
  4 centaurs
  8 giant frogs
  A wyvern skeleton (D:10)
  3 scorpions
  7 wights
  2 howler monkeys
  5 electric eels
  3 crimson imps
  A centaur zombie (D:8)
  A centaur skeleton (D:6)
  A giant frog zombie (D:8)
  4 jellies
  12 orc wizards
  4 orc priests
  A giant frog skeleton (D:4)
  5 hounds
  9 iguanas
  Natasha (twice) (D:4)
  5 worker ants
  8 mummies (Ossuary)
  A worker ant zombie (D:10)
  8 adders
  24 river rats
  A shadow imp (D:7)
  3 white imps
  A howler monkey simulacrum (D:10)
  2 ufetubi (D:10)
  2 adder zombies
  2 worms
  An adder skeleton (D:9)
  A dart slug (D:3)
  An adder simulacrum (D:10)
  5 giant geckos
  27 orcs
  7 giant cockroaches
  9 goblins
  A hobgoblin (D:3)
  16 jackals
  3 quokkas
  3 ball pythons
  9 bats
  3 giant newts
  2 gnoll zombies (Ossuary)
  A hobgoblin zombie (Ossuary)
  6 kobolds
  3 kobold zombies (Ossuary)
  2 orc zombies (Ossuary)
  A quokka zombie (D:6)
  8 rats
  A fungus (Lair:1)
  3 plants (D:10)
286 creatures vanquished.

Vanquished Creatures (collateral kills)
  A yak (Lair:1)
  Eustachio (D:4)
  A basilisk (Lair:3)
  A porcupine (Lair:3)
  An ice beast (D:9)
  A black bear (D:8)
  A crocodile (Lair:2)
  A scorpion (D:2)
  A wight (D:8)
  3 electric eels (D:7)
  A quasit (D:7)
  A jelly (D:8)
  4 orc priests
  3 iguanas
  A worker ant (D:10)
  3 adders
  3 river rats (Lair:1)
  2 worms
  5 orcs
  2 giant cockroaches
  2 hobgoblins (D:3)
  5 jackals (D:1)
44 creatures vanquished.

Vanquished Creatures (others)
  A worker ant (D:7)
  6 fungi
  9 plants
16 creatures vanquished.

Grand Total: 346 creatures vanquished

Notes
Turn   | Place    | Note
--------------------------------------------------------------
     0 | D:1      | vale the Naga Wizard began the quest for the Orb.
     0 | D:1      | Reached XP level 1. HP: 15/15 MP: 4/4
   613 | D:1      | Reached XP level 2. HP: 18/22 MP: 6/6
   658 | D:1      | Learned a level 2 spell: Blink
   661 | D:1      | Learned a level 2 spell: Call Imp
   977 | D:1      | Reached XP level 3. HP: 27/28 MP: 3/7
  1271 | D:1      | Learned a level 3 spell: Mephitic Cloud
  2158 | D:2      | Reached XP level 4. HP: 34/36 MP: 1/8
  3140 | D:3      | Reached XP level 5. HP: 37/42 MP: 1/9
  3567 | D:3      | w00t
  3569 | D:3      | Learned a level 1 spell: Animate Skeleton
  4228 | D:3      | Reached XP level 6. HP: 32/49 MP: 1/12
  4233 | D:3      | Learned a level 3 spell: Conjure Flame
  4757 | D:4      | Noticed a phantom
  5186 | D:4      | Noticed a phantom
  5200 | D:5      | Entered Level 5 of the Dungeon
  5200 | D:5      | Noticed Eustachio
  5500 | D:5      | Reached skill level 5 in Conjurations
  5501 | D:5      | Noticed a sky beast
  5524 | D:5      | Killed a sky beast
  5524 | D:5      | Reached XP level 7. HP: 55/55 MP: 6/13
  5921 | D:4      | Killed Eustachio
  6006 | D:5      | Found a radiant altar of Vehumet.
  6387 | D:5      | Got a warped ring mail
  6498 | D:5      | Identified the +1 ring mail "Ubyw" {Int+8 Stlth-} (You found it on level 5 of the Dungeon)
  6505 | D:5      | Gained mutation: You are resistant to hostile enchantments. [potion of beneficial mutation]
  6513 | D:5      | Learned a level 2 spell: Repel Missiles
  6684 | D:6      | Reached XP level 8. HP: 30/62 MP: 2/14
  6988 | D:6      | Found a sand-covered staircase.
  6995 | Ossuary  | Entered an ossuary
  7503 | Ossuary  | Reached skill level 1 in Fighting
  8057 | Ossuary  | Gained mutation: You are surrounded by a mild repulsion field (EV +2). [potion of beneficial mutation]
  8563 | D:6      | Reached skill level 5 in Spellcasting
  8743 | D:6      | Learned a level 3 spell: Vampiric Draining
  9418 | D:7      | Noticed a spriggan baker
  9574 | D:7      | Killed a spriggan baker
 10031 | D:7      | Reached XP level 9. HP: 76/76 MP: 5/18
 10389 | D:7      | Noticed a hill giant
 10398 | D:7      | Killed a hill giant
 10664 | D:7      | Reached skill level 5 in Fighting
 10729 | D:7      | Found a blossoming altar of Fedhas.
 11437 | D:4      | Found a staircase to the Ecumenical Temple.
 11508 | Temple   | Entered the Ecumenical Temple
 11608 | Temple   | Became a worshipper of Kikubaaqudgha
 11624 | D:4      | Noticed Natasha
 11631 | D:4      | Killed Natasha
 11717 | D:4      | Noticed Natasha
 11723 | D:4      | Killed Natasha
 12231 | D:4      | Learned a level 3 spell: Regeneration
 12236 | D:4      | Learned a level 4 spell: Control Undead
 12435 | D:8      | Reached skill level 1 in Necromancy
 12994 | D:8      | Found a shimmering altar of Xom.
 12996 | D:8      | Found a shimmering altar of Xom.
 12997 | D:8      | Found a shimmering altar of Xom.
 12998 | D:8      | Found a shimmering altar of Xom.
 12999 | D:8      | Found a shimmering altar of Xom.
 13080 | D:8      | Reached XP level 10. HP: 88/88 MP: 12/22
 13197 | D:8      | Reached skill level 2 in Necromancy
 13655 | D:8      | Noticed an eight-headed hydra
 13664 | D:8      | Killed an eight-headed hydra
 13664 | D:8      | Reached skill level 5 in Dodging
 13664 | D:8      | Reached skill level 3 in Necromancy
 14026 | D:9      | Found a white marble altar of Elyvilon.
 14060 | D:9      | Reached skill level 5 in Stealth
 14134 | D:9      | Reached * piety under Kikubaaqudgha
 14134 | D:9      | Received a gift from Kikubaaqudgha
 14137 | D:9      | Identified Kikubaaqudgha's Volume of Dark Rituals (Kikubaaqudgha gifted it to you on level 9 of the Dungeon)
 14194 | D:9      | Reached skill level 4 in Necromancy
 14483 | D:9      | Found Silil's Food Shop.
 15192 | D:9      | Reached skill level 5 in Necromancy
 15358 | D:10     | Entered Level 10 of the Dungeon
 16167 | D:10     | Noticed a hill giant
 16656 | D:10     | Found a staircase to the Lair.
 16853 | Lair:1   | Entered Level 1 of the Lair of Beasts
 16976 | Lair:1   | Reached ** piety under Kikubaaqudgha
 17014 | Lair:1   | Reached skill level 6 in Necromancy
 17019 | Lair:1   | Reached XP level 11. HP: 90/97 MP: 15/23
 17261 | Lair:1   | Reached skill level 1 in Short Blades
 17468 | Lair:1   | Reached skill level 7 in Necromancy
 17700 | Lair:1   | Identified a scroll of acquirement
 18434 | Lair:1   | Learned a level 2 spell: Sublimation of Blood
 18658 | Lair:2   | Reached skill level 8 in Necromancy
 18873 | Lair:2   | Noticed an eight-headed hydra
 18968 | Lair:2   | Killed an eight-headed hydra
 19665 | Lair:3   | Reached skill level 9 in Necromancy
 19793 | Lair:3   | Noticed a seven-headed hydra
 19801 | Lair:3   | Noticed a manticore
 19816 | Lair:3   | Noticed a six-headed hydra
 19898 | Lair:3   | Reached skill level 1 in Charms
 19917 | Lair:3   | HP: 2/97 [six-headed hydra (6)]
 19918 | Lair:3   | Mangled by a six-headed hydra

Skill      XL: |  1  2  3  4  5  6  7  8  9 10 11 |
---------------+----------------------------------+-----
Conjurations   | 2 3 4 5 7 8 |  8.0
Stealth        | 4 7 8 |  8.0
Spellcasting   | 4 6 8 |  8.4
Fighting       | 3 5 6 |  6.1
Dodging        | 3 5 |  5.4
Necromancy     | 1 6 9 |  9.0
Short Blades   | 3 |  3.9
Charms         | 1 |  1.1
Summonings     | |  1.0
Translocations | |  1.0
Poison Magic   | |  0.6

Action                   |  1- 3 |  4- 6 |  7- 9 | 10-12 || total
-------------------------+-------+-------+-------+-------++-------
Melee: Short sword       |    18 |       |       |       ||    18
       Dagger            |    25 |     1 |       |   341 ||   367
       Mace              |       |    43 |    82 |       ||   125
       Quarterstaff      |       |       |       |    69 ||    69
 Cast: Magic Dart        |    60 |   109 |   305 |   348 ||   822
       Call Imp          |     9 |    21 |    13 |     8 ||    51
       Animate Skeleton  |       |    15 |    22 |    31 ||    68
       Mephitic Cloud    |       |     6 |    34 |    35 ||    75
       Blink             |       |     3 |     1 |     5 ||     9
       Conjure Flame     |       |       |    27 |    27 ||    54
       Repel Missiles    |       |       |     1 |     1 ||     2
       Regeneration      |       |       |       |    12 ||    12
       Vampiric Draining |       |       |       |     4 ||     4
Invok: Receive Corpses   |       |       |       |     1 ||     1
 Abil: Spit Poison       |     7 |    12 |    29 |    30 ||    78
Evoke: Wand              |       |       |     2 |     8 ||    10
  Use: Potion            |     2 |     1 |     2 |     6 ||    11
       Scroll            |       |     2 |    15 |    12 ||    29
 Stab: Sleeping          |       |     1 |       |     4 ||     5
       Distracted        |       |     1 |     1 |       ||     2
       Confused          |       |       |     1 |    16 ||    17
  Eat: Chunk             |     3 |    10 |    14 |     7 ||    34
       Bread ration      |       |       |     2 |     2 ||     4
       Pizza             |       |       |     1 |     1 ||     2
       Beef jerky        |       |       |       |     1 ||     1
Armor: Robe              |    20 |    18 |    19 |    48 ||   105
       Skin              |       |       |       |     4 ||     4
Dodge: Dodged            |    44 |    28 |    41 |   179 ||   292
       Deflected         |       |       |       |     5 ||     5
Block: Other             |       |       |       |    17 ||    17
